 Dungeon Crawl Stone Soup version 0.19.4 (console) character file.

660106 itsmu the Hoplite (level 27, -6/207 HPs)
             Began as a Formicid Fire Elementalist on Feb 4, 2017.
             Was an Initiate of Gozag.
             Killed from afar by an orb of fire (14 damage)
             ... with a bolt of fire
             ... on level 5 of the Realm of Zot on Feb 5, 2017.
             The game lasted 07:28:44 (96946 turns).

itsmu the Hoplite (Formicid Fire Elementalist)     Turns: 96946, Time: 07:28:45

Health: -6/207     AC: 23    Str: 12    XL:     27
Magic:  25/26      EV: 23    Int: 36    God:    Gozag
Gold:   227        SH: 32    Dex: 21    Spells: 15 memorised, 5 levels left

rFire  + + +     SeeInvis +     b - +5 triple sword (flame)
rCold  . . .     Gourm    +     q - +3 chain mail of the Iron City of Dis {Int+7}
rNeg   . . .     Faith    .     c - +8 large shield {AC+3}
rPois  +         Spirit   .     (helmet unavailable)
rElec  +         Reflect  .     z - +2 cloak {rPois}
rCorr  +         Harm     .     r - +2 pair of gloves
MR     +++..     Clarity  +     O - +2 pair of boots {Fly}
Stlth  +.........               e - amulet of Ruhif {Gourm rElec MR+ Dex+4}
                                x - ring of protection from fire
                                L - ring of fire

@: brilliant, agile, swift, resistant, flying, quick
A: permanent stasis, dig shafts and tunnels, four strong arms, antennae 3,
talons 1, camouflage 1, blurry vision 1, clarity, clumsy 1, deformed body, low
mp 3, screaming 1, slow regeneration 1, weak 1, MP-powered wands
a: Dig, Shaft Self, Potion Petition, Call Merchant, Bribe Branch, Renounce
Religion, Evoke Flight
}: 3/15 runes: decaying, silver, gossamer


You were on level 5 of the Realm of Zot.
You worshipped Gozag.
Gozag was aware of your devotion.
You were full.

You visited 10 branches of the dungeon, and saw 51 of its levels.
You visited the Abyss 1 time.
You visited 1 bazaar.
You also visited: Sewer and Volcano.

You collected 33003 gold pieces.
You spent 9160 gold pieces at shops.
You paid 23616 gold pieces to Gozag.

Inventory:

Hand Weapons
 a - a +7 great sword of slicing
   (You took it off a wight on level 9 of the Dungeon)
 b - a +5 triple sword of flaming (weapon)
   (You found it on level 1 of the Vaults)
Armour
 c - a +8 large shield of protection (worn)
   (You took it off a vault guard on level 4 of the Vaults)
 q - the +3 chain mail of the Iron City of Dis (worn) {Int+7}
   (You bought it in a shop on level 1 of the Lair of Beasts)

   It affects your intelligence (+7).
 r - a +2 pair of gloves (worn)
   (You found it on level 3 of the Depths)
 z - a +2 cloak of poison resistance (worn)
   (You bought it in a shop on level 6 of the Dungeon)
 O - a +2 pair of boots of flying (worn)
   (You bought it in a shop on level 8 of the Dungeon)
Rods
 w - a +3 rod of shadows (10/10)
   (You bought it in a shop on level 3 of the Elven Halls)
Jewellery
 e - the amulet of Ruhif (around neck) {Gourm rElec MR+ Dex+4}
   (You bought it in a shop on level 2 of the Orcish Mines)

   [amulet of the gourmand]

   It allows you to eat raw meat even when not hungry.
   It affects your dexterity (+4).
   It insulates you from electricity.
   It affects your resistance to hostile enchantments.
 i - the ring "Gijofus" {EV+2 Str+6 Int+4}
   (You acquired it on level 1 of the Lair of Beasts)

   [ring of evasion]

   It affects your evasion (+2).
   It affects your strength (+6).
   It affects your intelligence (+4).
 x - a ring of protection from fire (right hand)
   (You found it on level 3 of the Dungeon)
 C - an uncursed ring of resist corrosion
   (You found it on level 4 of the Vaults)
 D - the amulet "Jugg" {Gourm MR++}
   (You acquired it on level 4 of the Realm of Zot)

   [amulet of the gourmand]

   It allows you to eat raw meat even when not hungry.
   It affects your resistance to hostile enchantments.
 G - an uncursed ring of protection from cold
   (You found it on level 2 of the Swamp)
 H - an uncursed ring of magical power
   (You took it off a draconian zealot on level 5 of the Realm of Zot)
 L - a ring of fire (left hand)
   (You found it on level 1 of the Depths)
 Q - the ring of Lexoack {rC+ Int+3 Stlth+}
   (You bought it in a shop in a bazaar)

   [ring of stealth]

   It affects your intelligence (+3).
   It protects you from cold.
   It makes you more stealthy.
Wands
 j - a wand of acid (10/15)
   (You took it off an ironbrand convoker on level 5 of the Vaults)
 l - a wand of lightning (5/15)
   (You took it off a crimson imp on level 15 of the Dungeon)
 s - a wand of acid (7/15)
   (You found it on level 4 of the Realm of Zot)
 A - a wand of disintegration (12/24)
   (You found it on level 15 of the Dungeon)
 N - a wand of teleportation (5/9)
   (You found it on level 4 of the Swamp)
 P - a wand of iceblast (6/15)
   (You found it on level 2 of the Spider Nest)
Scrolls
 d - 12 scrolls of identify
 f - 2 scrolls of holy word
 k - 2 scrolls of fear
 p - 11 scrolls of recharging
 y - 5 scrolls of fog
 B - 32 scrolls of remove curse
 S - a scroll of silence
 Y - 3 scrolls of magic mapping
Potions
 g - 3 potions of flight
 h - a potion of cancellation
 m - 7 potions of brilliance
 n - 9 potions of lignification
 t - 22 potions of curing
 v - a potion of magic
 F - a potion of resistance
 R - 5 potions of ambrosia
 W - a potion of agility
Miscellaneous
 u - 3 boxes of beasts
 Z - a phantom mirror
Comestibles
 K - a royal jelly
 V - 9 bread rations


   Skills:
 - Level 15.0 Fighting
 + Level 23.8 Long Blades
 - Level 8.4 Armour
 * Level 24.6 Dodging
 - Level 2.4 Stealth
 * Level 24.8 Shields
 - Level 11.2 Spellcasting
 - Level 10.0 Conjurations
 - Level 8.0 Charms
 - Level 5.0 Necromancy
 - Level 11.4 Fire Magic
 + Level 10.3 Evocations


You had 5 spell levels left.
You knew the following spells:

 Your Spells              Type           Power        Failure   Level  Hunger
a - Flame Tongue          Conj/Fire      #####        1%          1    None
b - Throw Flame           Conj/Fire      ######       1%          2    None
c - Mephitic Cloud        Conj/Pois/Air  ######..     4%          3    None
d - Sticky Flame          Conj/Fire      ########     1%          4    None
e - Fireball              Conj/Fire      ########..   2%          5    None
f - Conjure Flame         Conj/Fire      ########     1%          3    None
g - Iskenderun's Mystic   Conj           #######.     1%          4    None
h - Spectral Weapon       Hex/Chrm       ######..     3%          3    None
i - Control Undead        Necr           ######....   12%         4    None
j - Olgreb's Toxic Radia  Pois           #####...     71%         4    None
z - Swiftness             Chrm/Air       ######..     2%          2    None
A - Apportation           Tloc           #####.....   8%          1    None
O - Repel Missiles        Chrm/Air       ######       2%          2    None
P - Song of Slaying       Chrm           #######.     1%          2    None
R - Regeneration          Chrm/Necr      ######....   1%          3    None


Dungeon Overview and Level Annotations

Branches:
Dungeon (15/15)            Temple (0/1) D:7            Lair (6/6) D:11
  Swamp (4/4) Lair:2       Spider (4/4) Lair:4        Slime (0/5) Lair:5
    Orc (2/2) D:11            Elf (3/3) Orc:2        Vaults (5/5) D:14
  Crypt (2/3) Vaults:2     Depths (5/5) D:15            Zot (5/5) Depths:5

Altars:
Gozag
Hepliaklqana
Makhleb
Okawaru
Sif Muna
Trog
Vehumet
Zin
The Shining One
Jiyva

Shops:
D:6 [   D:8 [   D:15 *   Orc:2 :==(![:   Elf:3 =}}   Lair:1 *[[(   Vaults:4 [*
Vaults:5 !   Depths:3 [

Portals:
Hell: Depths:1 Depths:2 Depths:3 Depths:4 Depths:5
Abyss: Depths:2 Depths:4
Pandemonium: Depths:3
Ziggurat: Depths:3
Trove: Elf:1 (give +3 gold dragon scales)

Annotations:
D:4 TryAgain's ghost, amateur DEIE
D:9 Thrillho's ghost, novice DEFE
D:12 exclusion: downstairs
Depths:1 exclusion: orange crystal statue
Depths:2 inverted doorvault


Innate Abilities, Weirdness & Mutations

You are under a permanent stasis effect.
You can dig through walls and to a lower floor.
Your four strong arms can wield two-handed weapons with a shield.
You have a pair of large antennae on your head. (SInv)
You have sharp toenails.
Your skin changes colour to match your surroundings (Stealth+).
Scrolls take you a little longer to read.
You possess an exceptional clarity of mind.
You are clumsy. (Dex -2)
Armour fits poorly on your strangely shaped body.
Your magical capacity is extremely low. (-30% MP)
You occasionally shout uncontrollably at your foes.
You regenerate slowly when monsters are visible.
You are weak. (Str -2)
You expend magic power (3 MP) to strengthen your wands.


Message History

The golden dragon breathes fire at you.
The bolt of fire hits the orb of fire.
The orb of fire appears unharmed.
The bolt of fire hits you! You resist.
* * * LOW HITPOINT WARNING * * *
Really read with blurry vision while enemies are nearby?
Okay, then.
The orb of fire glows bright magenta.
The fireball explodes!
The fireball engulfs you! You resist.
* * * LOW HITPOINT WARNING * * *
[a] - 364 gold - haste and brilliance [b] - 338 gold - resistance and flight [c] - 338 gold - resistance and flight Purchase which effect?
You no longer have enough gold to petition Gozag for potion effects.
Your stasis keeps you stable.
You feel clever all of a sudden.
The orb of fire glows deep purple.
The bolt of fire hits you! You resist.
You die...
Your body crumbles into a pile of gold.

,,,,,,,,** #.............# ##..
,,,,,,,** ##.............## ##.
,,,,,,** #......{dd{.....# ##
#****** ########L######## #
#############...##D.###
..........⌠........##)##
...^............X**d.#.#
#######..............###
....##...##.....a.....##
⌠........###..........^## ###
.........###............## ##.##
.......###...........#...## #)###
...##### #......<..###....####)..
.....#####.....#.................
.......<.........................
......^..........................
.................................


You could see 2 orbs of fire, a golden dragon, an ancient lich (invisible), 2
draconians, a white draconian and an Orb Guardian.

Vanquished Creatures
  Mennas (Vaults:4)
  A juggernaut (Depths:3)
  5 ancient liches
  the Lernaean hydra (Swamp:4)
  Sojobo (Depths:1)
  Xtahua (Vaults:5)
  Saint Roka (Vaults:3)
  A curse toe (Zot:5)
  4 Killer Klowns
  the Enchantress (Depths:4)
  Arachne (Spider:2)
  Jory (Vaults:5)
  6 golden dragons
  2 electric golems (Zot:5)
  29 tentacled monstrosities
  9 Orb Guardians (Zot:5)
  4 liches
  4 titans
  4 deep elf blademasters
  2 deep elf master archers (Elf:3)
  8 quicksilver dragons
  The ghost of Malhgor the Executioner, an adept HOBe of Trog (Spider:4)
  5 death cobs
  A sphinx (shapeshifter) (Depths:2)
  8 sphinxes
  A tentacled starspawn (Abyss:3)
  Agnes (Spider:4)
  4 ancient champions
  7 tengu reavers
  17 storm dragons
  4 draconian monks
  12 shadow dragons
  Donald (Swamp:3)
  3 revenants (Crypt:1)
  3 iron dragons
  An azure jelly (Elf:1)
  5 fire giants
  11 frost giants
  Aizul (Depths:1)
  8 draconian scorchers
  5 ghost moths
  Louise (Swamp:1)
  7 draconian zealots
  16 vault wardens
  3 draconian shifters
  3 draconian knights
  11 deep elf sorcerers
  4 ghouls (Crypt:1)
  6 deep elf elementalists (Elf:3)
  5 emperor scorpions
  A reaper (Crypt:2)
  21 very ugly things
  19 ironheart preservers
  A war gargoyle (Vaults:5)
  5 draconian annihilators
  A caustic shrike skeleton (Depths:4)
  4 spriggan defenders
  29 stone giants
  3 draconian callers (Zot:2)
  The ghost of shugdite the Fencer, a journeyman MiFi of Okawaru (Lair:4)
  5 entropy weavers
  4 vampire knights
  2 grey draconians (Depths:5)
  8 green draconians
  10 black draconians
  6 deep elf demonologists
  11 white draconians
  14 deep elf annihilators
  10 purple draconians
  5 red draconians
  7 yellow draconians
  15 spark wasps
  12 ettins
  Azrael (D:13)
  12 mottled draconians
  2 crystal guardians
  Snorg (D:13)
  6 deep elf death magi
  6 jiangshi
  17 great orbs of eyes
  33 vault guards
  7 deep elf high priests
  28 hydras
  11 fire dragons
  Erolcha (D:12)
  A caustic shrike simulacrum (Depths:3)
  20 yaktaur captains
  16 ice dragons
  A ghost crab (Swamp:4)
  11 rakshasas
  6 spriggan air magi
  2 catoblepae
  Erica (D:9)
  14 centaur warriors
  4 death yaks (Lair:6)
  19 ogre magi
  5 death knights
  10 alligators
  3 orc high priests
  14 deep troll shamans
  5 thrashing horrors
  4 vampire magi
  17 deep troll earth magi
  2 soul eaters
  Urug (D:13)
  3 spriggan berserkers
  7 tengu warriors
  2 sun demons
  26 skeletal warriors
  A storm dragon zombie (Crypt:1)
  A titan skeleton (Depths:4)
  3 hell knights (Depths:3)
  2 wretched stars (Abyss:3)
  An iron troll (Depths:3)
  13 deep elf knights
  3 shadow wraiths
  A golden dragon zombie (Depths:4)
  A storm dragon skeleton (Depths:3)
  A sixfirhy (Abyss:3)
  A gelid demonspawn (Depths:3)
  14 swamp dragons
  2 spark wasp zombies
  6 unseen horrors
  5 spriggan druids
  A shadow demon (Depths:3)
  39 deep trolls
  3 shambling mangroves
  7 glowing orange brains
  7 flayed ghosts
  7 wizards
  6 hill giants
  22 ironbrand convokers
  13 harpies
  7 necromancers
  4 phantasmal warriors
  2 wolf spider zombies
  A golden dragon skeleton (Depths:3)
  A harpy (shapeshifter) (Vaults:2)
  A lindwurm (shapeshifter) (Vaults:1)
  A shadow dragon zombie (Crypt:1)
  20 deep elf archers
  A mana viper (shapeshifter) (Vaults:5)
  20 orb spiders
  Pikel (D:7)
  2 orb spiders (shapeshifter)
  11 orc knights
  A shining eye (shapeshifter) (Elf:1)
  60 ugly things
  65 deep elf magi
  42 wolf spiders
  20 moths of wrath
  8 cyclopes
  4 orc sorcerers
  A stone giant skeleton (Crypt:1)
  3 manticores
  2 toenail golems (Volcano)
  A fire giant zombie (Depths:3)
  A worldbinder (Abyss:4)
  A frost giant skeleton (Depths:3)
  9 elephants
  A moth of wrath (shapeshifter) (Vaults:1)
  A fire giant skeleton (Depths:3)
  Maurice (Orc:2)
  19 vault sentinels
  Psyche (D:11)
  Joseph (D:7)
  2 orange demons
  9 black mambas
  3 torpor snails (Spider:4)
  A water nymph (shapeshifter) (Vaults:2)
  3 gargoyles
  An eye of devastation (shapeshifter) (D:14)
  A storm dragon simulacrum (Abyss:4)
  A rime drake (shapeshifter) (Vaults:1)
  14 spiny frogs
  3 efreet
  4 rime drakes
  15 freezing wraiths
  2 kobold demonologists
  7 komodo dragons
  A yellow draconian skeleton (Crypt:2)
  25 demonic crawlers
  A hellwing (Depths:3)
  An ice devil (Abyss:3)
  3 tengu conjurers
  49 yaktaurs
  2 hydra zombies (Crypt:1)
  An elf skeleton (Depths:3)
  A jumping spider (shapeshifter) (Depths:3)
  A tengu simulacrum (Depths:3)
  8 large abominations
  28 hornets
  A meliai (shapeshifter) (Vaults:1)
  45 jumping spiders
  A queen bee (shapeshifter) (Vaults:4)
  9 trolls
  A troll (shapeshifter) (Vaults:2)
  40 slime creatures
  A two-headed ogre (shapeshifter) (Vaults:4)
  2 hornets (shapeshifter) (Vaults:3)
  A polar bear (Lair:6)
  10 tyrant leeches
  13 hippogriffs
  5 raiju (Abyss:3)
  40 two-headed ogres
  9 blink frogs
  9 bog bodies
  A fire dragon zombie (Crypt:1)
  2 harpy skeletons
  An ice dragon zombie (Crypt:1)
  A hippogriff (shapeshifter) (Vaults:3)
  4 dream sheep (Lair:6)
  A dream sheep (shapeshifter) (D:13)
  A centaur simulacrum (D:14)
  A fire dragon skeleton (Crypt:1)
  73 redbacks
  15 spriggans
  A ynoxinul (Abyss:4)
  8 air elementals
  30 starcursed masses
  Sigmund (D:6)
  2 vampires
  4 shadows
  31 tarantellas
  6 wraiths
  5 wyverns
  A human (D:10)
  6 fire elementals
  3 hogs (D:10)
  8 water elementals
  41 yaks
  A steam dragon (shapeshifter) (D:13)
  A chaos spawn (Abyss:4)
  3 hungry ghosts
  6 basilisks
  6 neqoxecs
  17 vampire mosquitoes
  4 wargs
  Menkaure (D:7)
  A swamp worm (shapeshifter) (Vaults:5)
  A warg (shapeshifter) (D:13)
  A mottled dragon (D:14)
  A water nymph zombie (Crypt:1)
  25 insubstantial wisps
  17 water moccasins
  2 hydra simulacra
  A gelid demonspawn zombie (Crypt:1)
  18 swamp worms
  2 deep troll skeletons (Crypt:1)
  5 porcupines
  Duvessa (D:7)
  7 hell hounds
  14 swamp drakes
  A floating eye (Depths:4)
  5 ice beasts
  35 orc warriors
  2 sky beasts
  A black bear (Lair:3)
  Purgy (D:3)
  An eye of draining (D:14)
  An eye of draining (shapeshifter) (Elf:1)
  8 necrophages
  50 ogres
  2 phantoms
  6 wolves
  21 centaurs
  7 boggarts
  A small abomination (Abyss:3)
  A swamp dragon skeleton (Crypt:1)
  2 elf zombies
  3 big kobolds
  8 crocodiles
  17 bullfrogs
  2 wyvern zombies
  An earth elemental (Elf:2)
  A gnoll sergeant (Orc:2)
  A yaktaur skeleton (Crypt:1)
  Dowan (D:7)
  3 scorpions
  27 killer bees
  7 wights
  11 electric eels
  5 howler monkeys
  17 crimson imps
  8 hounds
  5 centaur zombies
  An iron imp (Abyss:4)
  2 bullfrog zombies
  10 jellies
  2 bullfrog skeletons
  26 orc priests
  A gnoll shaman (D:6)
  2 iguanas
  35 orc wizards
  4 centaur skeletons
  Jessica (D:2)
  Ijyb (D:2)
  14 worker ants
  A killer bee zombie (D:6)
  An ogre zombie (Crypt:1)
  A hound zombie (Crypt:1)
  A hound skeleton (D:4)
  3 worker ant zombies
  12 adders
  16 gnolls
  3 shadow imps
  A white imp (Depths:3)
  An ufetubus (Abyss:3)
  An adder zombie (D:5)
  A lava snake skeleton (Crypt:2)
  4 adder skeletons
  A worm (D:3)
  A dart slug (D:1)
  5 leopard geckos
  118 orcs
  3 ball pythons
  6 giant cockroaches
  8 goblins
  6 hobgoblins
  6 jackals
  3 quokkas
  7 bats
  4 frilled lizards
  15 kobolds
  2 leopard gecko skeletons
  A quokka skeleton (D:5)
  19 rats
  A river rat zombie (Crypt:1)
  2 plants
2600 creatures vanquished.

Vanquished Creatures (collateral kills)
  An ironbrand convoker (Vaults:5)
1 creature vanquished.

Vanquished Creatures (others)
  A golden dragon (Zot:2)
  A yaktaur captain (Depths:3)
  An ogre mage (Vaults:1)
  A centaur warrior (Depths:3)
  24 dancing weapons
  A deep troll (Vaults:4)
  An orb spider (Spider:1)
  2 deep elf magi
  A cyclops (Vaults:2)
  9 yaktaurs
  A warg (Vaults:4)
  A swamp worm (Swamp:4)
  An orc warrior (Orc:2)
  2 ogres (Vaults:2)
  A jelly (D:13)
  2 orc wizards
  3 bushes
  20 fungi
  A lurking horror (Abyss:4)
  18 plants
  20 spectral weapons
  8 starspawn tentacles (Abyss:3)
120 creatures vanquished.

Grand Total: 2721 creatures vanquished

Notes
Turn   | Place    | Note
-------+----------+-------------------------------------------
     0 | D:1      | itsmu the Formicid Fire Elementalist began the quest for the Orb.
     0 | D:1      | Reached XP level 1. HP: 13/13 MP: 3/3
   314 | D:1      | Reached skill level 1 in Conjurations
   351 | D:1      | Reached XP level 2. HP: 19/19 MP: 0/5
   408 | D:1      | Learned a level 2 spell: Throw Flame
   743 | D:1      | Reached XP level 3. HP: 24/24 MP: 1/6
   932 | D:1      | Learned a level 3 spell: Conjure Flame
  1521 | D:2      | Found a glowing silver altar of Zin.
  1583 | D:2      | Noticed Jessica
  1595 | D:2      | Killed Jessica
  1595 | D:2      | Reached XP level 4. HP: 18/30 MP: 0/8
  1721 | D:2      | Found a hazy altar of Hepliaklqana.
  2162 | D:2      | oh
  2193 | D:1      | Reached XP level 5. HP: 25/35 MP: 6/9
  2994 | D:1      | Learned a level 4 spell: Sticky Flame
  3211 | D:2      | Noticed Ijyb
  3217 | D:2      | Killed Ijyb
  3294 | D:2      | Found a deep blue altar of Sif Muna.
  3503 | D:3      | Found a glowing drain.
  3512 | Sewer    | Entered a sewer
  3652 | Sewer    | Noticed Purgy
  3681 | D:3      | oh
  3683 | D:3      | You fall through a shaft!
  3763 | D:4      | Noticed TryAgain's ghost (amateur DEIE)
  3802 | D:5      | Entered Level 5 of the Dungeon
  3807 | D:5      | Reached XP level 6. HP: 39/41 MP: 0/10
  3890 | D:5      | pretty sure i'm doomed.
  4334 | D:4      | Reached skill level 5 in Fire Magic
  4674 | D:5      | Found an opulent altar of Gozag.
  4679 | D:5      | Became a worshipper of Gozag Ym Sagoz the Greedy
  4782 | D:3      | Reached XP level 7. HP: 28/46 MP: 0/11
  4989 | D:3      | Found a glowing golden altar of the Shining One.
  5218 | D:3      | Killed Purgy
  6041 | D:4      | Reached XP level 8. HP: 52/52 MP: 9/13
  6131 | D:4      | Reached skill level 5 in Conjurations
  7232 | D:6      | Reached skill level 5 in Spellcasting
  7529 | D:6      | Reached XP level 9. HP: 55/57 MP: 9/17
  7740 | D:6      | Noticed Sigmund
  7749 | D:6      | Killed Sigmund
  7933 | D:6      | Found Arogerr's Armour Emporium.
  7941 | D:6      | Bought a +2 cloak of poison resistance for 259 gold pieces
  7970 | D:6      | Got a faintly humming leather armour
  7982 | D:6      | Identified the +3 leather armour of Guulua {MR- Str+8} (You found it on level 6 of the Dungeon)
  8534 | D:7      | Found a staircase to the Ecumenical Temple.
  8802 | D:7      | Noticed Menkaure
  8807 | D:7      | Killed Menkaure
  9059 | D:7      | Noticed Dowan
  9076 | D:7      | Killed Dowan
  9134 | D:7      | Noticed Duvessa
  9146 | D:7      | oh
  9148 | D:7      | You fall through a shaft for 3 floors!
  9148 | D:10     | Entered Level 10 of the Dungeon
  9387 | D:8      | Noticed a two-headed ogre
  9417 | D:8      | Killed a two-headed ogre
  9417 | D:8      | Reached XP level 10. HP: 48/63 MP: 5/20
  9925 | D:7      | Killed Duvessa
 10031 | D:7      | Noticed Pikel
 10033 | D:7      | Noticed Joseph
 10047 | D:7      | Killed Pikel
 10057 | D:7      | Killed Joseph
 10183 | D:7      | Found a bloodstained altar of Trog.
 10402 | D:7      | Reached skill level 1 in Shields
 10575 | D:7      | Reached skill level 1 in Fighting
 11220 | D:8      | Found Poxodoor's Antique Armour Shoppe.
 11227 | D:8      | Bought a pair of embroidered gloves for 210 gold pieces
 11227 | D:8      | Bought a pair of glowing boots for 210 gold pieces
 11227 | D:8      | Bought a glowing robe for 134 gold pieces
 11275 | D:8      | Found a burning altar of Makhleb.
 11421 | D:9      | Reached XP level 11. HP: 73/74 MP: 14/23
 11545 | D:9      | Noticed Erica
 11553 | D:9      | Killed Erica
 12125 | D:9      | Noticed a hill giant
 12164 | D:9      | Killed a hill giant
 12486 | D:9      | Reached skill level 5 in Shields
 12491 | D:9      | Reached skill level 5 in Fighting
 12504 | D:9      | Reached skill level 1 in Long Blades
 12721 | D:9      | Noticed Thrillho's ghost (novice DEFE)
 12728 | D:10     | Found Techere's Elemental Accessories.
 13300 | D:10     | Found an iron altar of Okawaru.
 13596 | D:10     | Reached skill level 5 in Dodging
 13596 | D:10     | Reached skill level 10 in Fire Magic
 14419 | D:11     | Reached XP level 12. HP: 75/86 MP: 19/24
 14420 | D:11     | Noticed Erolcha
 15588 | D:11     | Found a staircase to the Lair.
 15810 | D:11     | Noticed Psyche
 15912 | D:11     | Killed Psyche
 16366 | D:11     | Found a staircase to the Orcish Mines.
 16534 | Lair:1   | Entered Level 1 of the Lair of Beasts
 16555 | Lair:1   | Learned a level 5 spell: Fireball
 16711 | Lair:1   | Noticed a five-headed hydra
 16738 | Lair:1   | Killed a five-headed hydra
 16808 | Lair:1   | Bought an ominously black robe for 165 gold pieces
 16818 | Lair:1   | Identified the +0 robe of the Land of Plenty {rF++ Str+9 Slay-3} (You bought it in a shop on level 1 of the Lair of Beasts)
 16818 | Lair:1   | Bought a copper ring for 145 gold pieces
 16818 | Lair:1   | Bought a twisted onyx ring for 145 gold pieces
 16818 | Lair:1   | Bought a jade ring for 145 gold pieces
 16818 | Lair:1   | Bought 2 viscous amethyst potions for 52 gold pieces
 16818 | Lair:1   | Bought a jewelled chain mail for 275 gold pieces
 16828 | Lair:1   | Identified the cursed +0 chain mail of Fortitude {rC- rCorr Int+3} (You bought it in a shop on level 1 of the Lair of Beasts)
 17286 | Lair:1   | Noticed a seven-headed hydra
 17326 | Lair:1   | Killed a seven-headed hydra
 17672 | Lair:1   | Bought a runed great sword for 362 gold pieces
 18167 | Lair:2   | Noticed an eight-headed hydra
 18187 | Lair:2   | Reached XP level 13. HP: 68/96 MP: 24/26
 19161 | Lair:2   | Killed an eight-headed hydra
 19320 | Lair:2   | Noticed a seven-headed hydra
 19349 | Lair:2   | Killed a seven-headed hydra
 19607 | Lair:2   | Found a staircase to the Swamp.
 19870 | Lair:3   | Noticed a catoblepas
 19887 | Lair:3   | Killed a catoblepas
 20848 | Lair:4   | Found a dark tunnel.
 20867 | Volcano  | Entered a volcano
 21120 | Volcano  | erm
 21207 | Lair:4   | crystal spear, really
 21470 | Lair:4   | Found a hole to the Spider Nest.
 21671 | Lair:4   | Noticed shugdite's ghost (journeyman MiFi)
 22250 | Lair:4   | Learned a level 2 spell: Song of Slaying
 22254 | Lair:4   | Learned a level 3 spell: Regeneration
 22466 | Lair:5   | Noticed an eight-headed hydra
 22476 | Lair:5   | Killed an eight-headed hydra
 22811 | Lair:5   | Noticed a five-headed hydra
 22828 | Lair:5   | Killed a five-headed hydra
 23055 | Lair:5   | Found a viscous altar of Jiyva.
 23055 | Lair:5   | Found a staircase to the Slime Pits.
 23524 | Lair:5   | Reached skill level 1 in Charms
 23727 | Lair:5   | Reached XP level 14. HP: 106/106 MP: 27/27
 23760 | Lair:6   | Entered Level 6 of the Lair of Beasts
 23764 | Lair:6   | Reached skill level 5 in Long Blades
 23914 | Lair:6   | Reached skill level 10 in Spellcasting
 25404 | Lair:6   | erm
 25454 | Lair:6   | Reached skill level 10 in Shields
 25889 | Lair:6   | Reached skill level 10 in Conjurations
 27458 | D:12     | Killed Erolcha
 27794 | D:12     | Reached XP level 15. HP: 114/114 MP: 17/30
 28746 | D:13     | Noticed Urug
 29081 | D:13     | Noticed Snorg
 29105 | D:13     | Killed Snorg
 29213 | D:13     | Killed Urug
 29562 | D:13     | Learned a level 2 spell: Repel Missiles
 29566 | D:13     | Learned a level 3 spell: Mephitic Cloud
 29605 | D:13     | Noticed Azrael
 29853 | Orc:1    | Entered Level 1 of the Orcish Mines
 30284 | Orc:2    | Entered Level 2 of the Orcish Mines
 30305 | Orc:2    | Found Lemido's Book Emporium.
 30320 | Orc:2    | Noticed Maurice
 30474 | Orc:2    | Killed Maurice
 30847 | Orc:2    | Found a staircase to the Elven Halls.
 31576 | Orc:2    | Found Womaqam's Weapon Shop.
 31576 | Orc:2    | Found Hiem's Armour Shoppe.
 31580 | Orc:2    | Found Bixkui's Distillery.
 31580 | Orc:2    | Found Laypnat's Book Boutique.
 31682 | Orc:2    | Bought 2 potions of curing for 72 gold pieces
 31682 | Orc:2    | Bought a potion of agility for 48 gold pieces
 31682 | Orc:2    | Bought a potion of curing for 36 gold pieces
 31682 | Orc:2    | Bought 2 potions of might for 96 gold pieces
 32116 | Orc:2    | Bought the cursed +1 ring mail of Guext {rElec Slay+4} for 441 gold pieces
 32562 | Elf:1    | Entered Level 1 of the Elven Halls
 32620 | Elf:1    | Found a radiant altar of Vehumet.
 32635 | Elf:1    | Reached skill level 10 in Long Blades
 33223 | Elf:1    | Reached XP level 16. HP: 92/122 MP: 30/31
 33790 | D:14     | Reached skill level 1 in Armour
 33984 | D:14     | Got an ancient dagger
 33985 | D:14     | Identified the +3 dagger "Qidd" {flame, Int+2} (You found it on level 14 of the Dungeon)
 34123 | D:13     | Killed Azrael
 34373 | D:14     | Got a twisted ring mail
 34406 | D:13     | Identified the +1 ring mail "Kuig" {rElec rC++ Str+3 Int+4} (You found it on level 14 of the Dungeon)
 34406 | D:13     | hm
 34501 | D:14     | Found a gate to the Vaults.
 34990 | D:14     | haha
 35479 | D:14     | Gained mutation: Your skin changes colour to match your surroundings (Stealth+). [potion of beneficial mutation]
 35513 | D:15     | Entered Level 15 of the Dungeon
 35889 | D:15     | Reached skill level 1 in Necromancy
 35892 | D:15     | Found a staircase to the Depths.
 35939 | D:15     | Reached skill level 5 in Armour
 36180 | D:15     | Found Firarrixy's Changing Room.
 36271 | D:15     | Bought a potion of beneficial mutation for 630 gold pieces
 36271 | D:15     | Bought a potion of beneficial mutation for 630 gold pieces
 36271 | D:15     | Gained mutation: You have sharp toenails. [potion of beneficial mutation]
 36272 | D:15     | Gained mutation: You possess an exceptional clarity of mind. [potion of beneficial mutation]
 37233 | Swamp:1  | Entered Level 1 of the Swamp
 37298 | Swamp:1  | Reached XP level 17. HP: 121/127 MP: 32/32
 37760 | Swamp:1  | Noticed Louise
 37778 | Swamp:1  | Killed Louise
 38389 | Swamp:2  | Reached skill level 5 in Charms
 38438 | Swamp:2  | Reached skill level 5 in Necromancy
 40384 | Swamp:3  | Reached skill level 10 in Fighting
 40884 | Swamp:3  | Noticed Donald
 40924 | Swamp:3  | Killed Donald
 41110 | Swamp:3  | Got a wavering iron ring
 41112 | Swamp:3  | Identified the ring "Qigiqudd" {MR+ MP-9 Str+5} (You took it off a spriggan druid on level 3 of the Swamp)
 41993 | Swamp:4  | Entered Level 4 of the Swamp
 42124 | Swamp:3  | that's p scary.
 42485 | Swamp:4  | Reached XP level 18. HP: 108/136 MP: 33/33
 42634 | Swamp:4  | Reached skill level 10 in Dodging
 43180 | Swamp:4  | Noticed the 27-headed Lernaean hydra
 43184 | Swamp:4  | forgot you exist
 43457 | Swamp:4  | im dead
 43458 | Swamp:4  | erm
 43460 | Swamp:4  | Killed the 27-headed Lernaean hydra
 43462 | Swamp:4  | jfc
 43625 | Swamp:4  | Reached skill level 15 in Long Blades
 43808 | Swamp:4  | Got a decaying rune of Zot
 43817 | Swamp:4  | Learned a level 4 spell: Iskenderun's Mystic Blast
 43986 | Swamp:4  | mb i should put points in dex from now on
 44289 | Depths:1 | Entered Level 1 of the Depths
 45132 | Depths:1 | Found a gateway to Hell.
 45200 | Depths:1 | hm
 45601 | Lair:4   | Killed shugdite's ghost
 45820 | Spider:1 | Entered Level 1 of the Spider Nest
 46080 | Lair:4   | ok....
 46889 | Spider:1 | Got a topaz-studded scale mail
 46899 | Spider:1 | Got an opal-encrusted scale mail
 47491 | Spider:2 | Reached XP level 19. HP: 134/142 MP: 21/34
 48940 | Spider:3 | Noticed Arachne
 49329 | Spider:2 | Killed Arachne
 50116 | Spider:4 | Entered Level 4 of the Spider Nest
 50126 | Spider:4 | p sure this will be horrible
 50164 | Spider:4 | Learned a level 2 spell: Swiftness
 50634 | Spider:4 | Noticed Agnes
 50644 | Spider:4 | Killed Agnes
 50795 | Spider:4 | Noticed Malhgor's ghost (adept HOBe)
 51152 | Spider:4 | Killed Malhgor's ghost
 51765 | Spider:4 | Bought 3 fruits for 45 gold pieces
 51765 | Spider:4 | Bought a beef jerky for 15 gold pieces
 51765 | Spider:4 | Bought a bread ration for 50 gold pieces
 51765 | Spider:4 | Bought a bread ration for 50 gold pieces
 51765 | Spider:4 | Bought a bread ration for 50 gold pieces
 51765 | Spider:4 | Bought a bread ration for 50 gold pieces
 51765 | Spider:4 | Bought a meat ration for 50 gold pieces
 51765 | Spider:4 | Bought a beef jerky for 15 gold pieces
 51765 | Spider:4 | Bought a meat ration for 50 gold pieces
 51765 | Spider:4 | Bought 3 fruits for 45 gold pieces
 51765 | Spider:4 | Bought a bread ration for 50 gold pieces
 51801 | Spider:4 | hm
 52998 | Spider:4 | Reached XP level 20. HP: 133/149 MP: 13/35
 53160 | Spider:3 | does this branch have a really high spawn rate or something
 53777 | Spider:4 | this branch is really bad
 54681 | Spider:4 | coem onnnn
 54906 | Spider:4 | Got a gossamer rune of Zot
 55199 | Lair:1   | cool that the made swamp less annoying
 55199 | Lair:1   | and then made a branch that is way worse
 55210 | Lair:1   | Identified the cursed +0 scale mail of Joy {Regen+ rCorr} (You found it on level 1 of the Spider Nest)
 55221 | Lair:1   | Identified the +1 scale mail of Eternal Vigilance {rN+ Regen+} (You found it on level 1 of the Spider Nest)
 56465 | Depths:1 | Noticed Aizul
 56517 | Depths:1 | Killed Aizul
 57333 | Orc:2    | Bought a book of Cantrips for 280 gold pieces
 57335 | Orc:2    | Learned a level 1 spell: Apportation
 57589 | Depths:1 | Got a transparent ivory ring
 57591 | Depths:1 | Identified the ring of Egomania {Wiz *Slow Str+7 Slay+4} (You found it on level 1 of the Depths)
 57644 | Depths:2 | Found a huge runed gate.
 57644 | Depths:2 | Found a huge runed gate.
 57644 | Depths:2 | Found a huge runed gate.
 57644 | Depths:2 | Found a huge runed gate.
 57644 | Depths:2 | Found a huge runed gate.
 57644 | Depths:2 | Found a huge runed gate.
 57644 | Depths:2 | Found a huge runed gate.
 57644 | Depths:2 | Found a huge runed gate.
 57644 | Depths:2 | Found a huge runed gate.
 57644 | Depths:2 | Found a huge runed gate.
 57644 | Depths:2 | Found a huge runed gate.
 57644 | Depths:2 | Found a huge runed gate.
 57644 | Depths:2 | Found a huge runed gate.
 57644 | Depths:2 | Found a huge runed gate.
 57644 | Depths:2 | Found a huge runed gate.
 57644 | Depths:2 | Found a huge runed gate.
 57644 | Depths:2 | Found a huge runed gate.
 57644 | Depths:2 | Found a huge runed gate.
 57644 | Depths:2 | Found a huge runed gate.
 57644 | Depths:2 | Found a huge runed gate.
 57645 | Depths:2 | uhhhhhhhhhhhhh
 57891 | Depths:2 | Found a one-way gate to the infinite horrors of the Abyss.
 58041 | Depths:2 | Noticed Sojobo
 58264 | Vaults:1 | Entered Level 1 of the Vaults
 58383 | Vaults:1 | Found a flickering gateway to a bazaar.
 58395 | Bazaar   | Entered a bazaar
 58395 | Bazaar   | Found Haank's Gadget Shoppe.
 58395 | Bazaar   | Found Apezuorch's Jewellery Emporium.
 58399 | Bazaar   | Found Biabagap's Antique Weapon Shoppe.
 58407 | Bazaar   | i can't reskill to axes now
 58413 | Bazaar   | Found Goequzur's Food Emporium.
 58421 | Bazaar   | Bought a meat ration for 30 gold pieces
 58421 | Bazaar   | Bought 3 fruits for 27 gold pieces
 58421 | Bazaar   | Bought a beef jerky for 9 gold pieces
 58421 | Bazaar   | Bought a beef jerky for 9 gold pieces
 58421 | Bazaar   | Bought a bread ration for 30 gold pieces
 58421 | Bazaar   | Bought a meat ration for 30 gold pieces
 58421 | Bazaar   | Bought a beef jerky for 9 gold pieces
 58421 | Bazaar   | Bought a meat ration for 30 gold pieces
 58421 | Bazaar   | Bought a bread ration for 30 gold pieces
 58421 | Bazaar   | Bought a slice of pizza for 9 gold pieces
 58425 | Bazaar   | Bought the ring of Lexoack {rC+ Int+3 Stlth+} for 491 gold pieces
 59200 | Vaults:1 | !
 59340 | Vaults:1 | Reached XP level 21. HP: 84/158 MP: 17/36
 60619 | Vaults:2 | Found an iron altar of Okawaru.
 60988 | Vaults:2 | Found a staircase to the Crypt.
 62157 | Vaults:3 | 2 sphinxes?!
 62369 | Vaults:3 | Noticed a Brimstone Fiend
 62409 | Vaults:3 | Reached XP level 22. HP: 170/171 MP: 14/37
 63021 | Vaults:3 | Reached skill level 15 in Shields
 65100 | Vaults:4 | Found Naiseuhi's General Store.
 65260 | Vaults:4 | Bought a scroll of enchant weapon for 135 gold pieces
 65743 | Vaults:4 | Reached skill level 15 in Fighting
 65935 | Vaults:4 | Noticed Mennas
 65936 | Vaults:4 | oh no
 65969 | Vaults:4 | Killed Mennas
 65969 | Vaults:4 | Reached XP level 23. HP: 30/181 MP: 32/38
 65970 | Vaults:4 | . . . . . .
 66565 | Lair:1   | Learned a level 3 spell: Spectral Weapon
 66884 | Vaults:4 | Noticed Saint Roka
 66955 | Vaults:3 | Killed Saint Roka
 67343 | Vaults:4 | im dead
 67388 | Vaults:3 | jfc i hate marks
 68460 | Vaults:4 | FUUUCKCKK YOUYUUU
 68483 | Vaults:4 | Reached skill level 15 in Dodging
 68789 | Crypt:1  | Entered Level 1 of the Crypt
 70451 | Crypt:1  | wow what really
 70456 | Crypt:1  | crazy
 70674 | Crypt:1  | that is a lot of drain holy shit
 70778 | Crypt:1  | Reached XP level 24. HP: 183/188 MP: 28/38
 71378 | Crypt:2  | HP: 8/188 [??? (6)]
 71416 | Crypt:2  | HP: 9/188 [??? (7)]
 71787 | Crypt:1  | ok well
 71795 | Crypt:1  | not sure why that went so badly
 72737 | Depths:1 | Killed Sojobo
 73872 | Depths:3 | ??
 74062 | Depths:3 | Found a one-way gate leading to the halls of Pandemonium.
 74093 | Depths:3 | i do not want to be mutated
 74101 | Depths:3 | that works
 74157 | Depths:3 | Found Pewnec's Armour Shoppe.
 74466 | Depths:3 | Reached XP level 25. HP: 166/194 MP: 35/38
 74485 | Depths:3 | Found a gateway to a ziggurat.
 75229 | Depths:3 | Noticed a juggernaut
 75242 | Depths:3 | Killed a juggernaut
 77265 | Depths:4 | Reached XP level 26. HP: 127/201 MP: 32/38
 77273 | Depths:4 | Identified the Volume of Flight
 77281 | Depths:4 | Got a bronze ring mail
 77292 | Depths:4 | Identified the +4 ring mail of Spite {rF+++ Regen+ Int+5 Dex-2} (You found it on level 4 of the Depths)
 77292 | Depths:4 | wow
 77292 | Depths:4 | i really wish that was dex+2
 77493 | Depths:5 | Entered Level 5 of the Depths
 77643 | Depths:5 | Noticed the Enchantress
 77748 | Depths:5 | uh oh
 77767 | Depths:4 | Killed the Enchantress
 77783 | Depths:4 | Got faerie dragon scales
 77895 | Depths:4 | Identified the +1 faerie dragon scales {+Blink +Fly rElec rC-} (You took it off the Enchantress on level 4 of the Depths)
 78123 | Lair:1   | Identified a scroll of acquirement
 78124 | Lair:1   | Got a scorched brass ring
 78126 | Lair:1   | Identified the ring "Gijofus" {EV+2 Str+6 Int+4} (You acquired it on level 1 of the Lair of Beasts)
 78195 | Orc:2    | Bought the amulet of Ruhif {Gourm rElec MR+ Dex+4} for 580 gold pieces
 79267 | Depths:5 | Found a gate to the Realm of Zot.
 79269 | Depths:5 | why
 79700 | Vaults:2 | gimme a second jeez
 79832 | Vaults:2 | i don't know how to beat a curse skull, apparently
 80774 | Elf:1    | Found a portal to a secret trove of treasure.
 80982 | Elf:2    | Identified the Collected Works on Sinister Magic
 81336 | Elf:2    | Found a runed gate.
 81336 | Elf:2    | Found a runed gate.
 81337 | Elf:2    | Found a runed gate.
 81854 | Elf:2    | Reached XP level 27. HP: 167/207 MP: 30/38
 81986 | Elf:2    | Cast into level 3 of the Abyss (hand axe of distortion)
 81987 | Abyss:3  | great
 81988 | Abyss:3  | i probably die here
 82148 | Abyss:3  | Gained mutation: You are robust. (+10% HP) [a neqoxec]
 82158 | Abyss:3  | Gained mutation: You are dopey. (Int -2) [a neqoxec]
 82386 | Abyss:4  | Lost mutation: You are robust. (+10% HP) [a neqoxec]
 82605 | Abyss:4  | Gained mutation: You occasionally shout uncontrollably at your foes. [a neqoxec]
 82607 | Elf:2    | Escaped the Abyss
 82621 | Elf:2    | well, almost
 82753 | Elf:3    | Entered Level 3 of the Elven Halls
 83553 | Elf:3    | Found Esesaluz's Jewellery Shop.
 83554 | Elf:3    | Found Boloi's Gadget Emporium.
 83554 | Elf:3    | Found Tytod's Gadget Emporium.
 83566 | Elf:3    | Bought a +3 rod of shadows (10/10) for 1620 gold pieces
 84062 | Elf:3    | Learned a level 4 spell: Control Undead
 84123 | Elf:3    | Identified the Handbook of Attacks
 84182 | Elf:3    | Identified Fusuc's Reference Book on Contamination and Sinister Rituals
 84197 | Elf:3    | Identified the Incunabulum of the Glacial Birds
 84208 | Elf:3    | Learned a level 4 spell: Olgreb's Toxic Radiance
 84277 | Elf:3    | Identified the Tome of the Sinister Traveller
 84328 | Elf:3    | wow i have no luck with artefacts
 84850 | Vaults:5 | Entered Level 5 of the Vaults
 85526 | Vaults:5 | Noticed an ancient lich
 86096 | Vaults:4 | Killed an ancient lich
 86529 | Vaults:5 | Noticed Jory
 86547 | Vaults:5 | Killed Jory
 86809 | Vaults:5 | why are they so hard to kill
 87387 | Vaults:5 | Noticed Xtahua
 87541 | Vaults:5 | Killed Xtahua
 87662 | Vaults:5 | Got a twitching ivory amulet
 87667 | Vaults:5 | Identified the amulet of Umoiwi {Inacc *Contam rN+ Str+4 Stlth+} (You found it on level 5 of the Vaults)
 88051 | Vaults:5 | Got a distressingly furry chain mail
 88182 | Vaults:5 | Found Faxkefu's Distillery.
 88197 | Vaults:5 | Bought a potion of curing for 51 gold pieces
 88197 | Vaults:5 | Bought a potion of agility for 68 gold pieces
 88197 | Vaults:5 | Bought a potion of curing for 51 gold pieces
 88197 | Vaults:5 | Bought a potion of heal wounds for 85 gold pieces
 88197 | Vaults:5 | Bought a potion of heal wounds for 85 gold pieces
 88197 | Vaults:5 | Bought 2 potions of curing for 102 gold pieces
 88203 | Vaults:5 | Got a silver rune of Zot
 88533 | Lair:1   | Identified the +0 chain mail "Xolell" {rN+ Dex+8 Stlth-} (You found it on level 5 of the Vaults)
 88920 | Vaults:2 | too hard 4 me
 89250 | Depths:5 | nasty
 89253 | Zot:1    | Entered Level 1 of the Realm of Zot
 92193 | Zot:3    | uh oh
 93199 | Lair:1   | Bought a bloodstained chain mail for 437 gold pieces
 93199 | Lair:1   | Bought a crude shield for 437 gold pieces
 93209 | Lair:1   | Identified the +1 shield "Ryobuh" {rC+} (You bought it in a shop on level 1 of the Lair of Beasts)
 93229 | Lair:1   | Identified the +3 chain mail of the Iron City of Dis {Int+7} (You bought it in a shop on level 1 of the Lair of Beasts)
 93239 | Lair:1   | probably shouldn't have wasted my gold
 93814 | Depths:5 | not great
 93839 | Zot:2    | Reached skill level 1 in Evocations
 94599 | Zot:4    | Reached skill level 5 in Evocations
 95405 | Zot:4    | Got a crude iron amulet
 95407 | Zot:4    | Identified the amulet "Jugg" {Gourm MR++} (You acquired it on level 4 of the Realm of Zot)
 95743 | Zot:5    | Entered Level 5 of the Realm of Zot
 96331 | Zot:5    | Noticed an ancient lich
 96357 | Zot:5    | Killed an ancient lich
 96500 | Zot:5    | Noticed an ancient lich
 96515 | Zot:5    | Noticed an ancient lich
 96544 | Zot:5    | Killed an ancient lich
 96547 | Zot:5    | Reached skill level 10 in Evocations
 96576 | Zot:5    | Killed an ancient lich
 96824 | Zot:5    | Noticed an ancient lich
 96840 | Zot:5    | Killed an ancient lich
 96885 | Zot:5    | Noticed an orb of fire
 96887 | Zot:5    | Gained mutation: Armour fits poorly on your strangely shaped body. [an orb of fire]
 96890 | Zot:5    | omg
 96890 | Zot:5    | i didn't put my armour back on???
 96890 | Zot:5    | whaaaaaaat
 96890 | Zot:5    | am i going to die because of this
 96890 | Zot:5    | Gained mutation: Your magical capacity is low. (-10% MP) [an orb of fire]
 96894 | Zot:5    | Gained mutation: You regenerate slowly when monsters are visible. [an orb of fire]
 96902 | Zot:5    | Gained mutation: You expend magic power (3 MP) to strengthen your wands. [an orb of fire]
 96903 | Zot:5    | Noticed an ancient lich
 96905 | Zot:5    | Noticed an orb of fire
 96906 | Zot:5    | Gained mutation: Scrolls take you a little longer to read. [an orb of fire]
 96906 | Zot:5    | Gained mutation: You are weak. (Str -2) [an orb of fire]
 96925 | Zot:5    | Gained mutation: Your magical capacity is very low. (-20% MP) [an orb of fire]
 96930 | Zot:5    | Gained mutation: Your magical capacity is extremely low. (-30% MP) [an orb of fire]
 96931 | Zot:5    | Gained mutation: You are clumsy. (Dex -2) [an orb of fire]
 96937 | Zot:5    | Lost mutation: You are dopey. (Int -2) [an orb of fire]
 96943 | Zot:5    | HP: 10/207 [orb of fire/bolt of fire (10)]
 96943 | Zot:5    | HP: 4/207 [orb of fire/bolt of fire (6)]
 96946 | Zot:5    | Killed from afar by an orb of fire

Skill      XL: |  1  2  3  4  5  6  7  8  9 10 11 12 13 14 15 16 17 18 19 20 21 22 23 24 25 26 27 |
---------------+----------------------------------------------------------------------------------+-----
Conjurations   | 1 2 3 4 5 7 8 9 10 | 10.0
Spellcasting   | 3 5 7 8 9 11 | 11.2
Fire Magic     | 4 5 6 7 8 9 10 11 | 11.4
Dodging        | 3 5 6 7 8 9 10 11 12 13 15 17 19 21 24 | 24.6
Shields        | 2 5 7 9 10 11 12 14 16 17 19 20 21 24 | 24.8
Fighting       | 2 5 7 8 9 10 11 13 15 | 15.0
Long Blades    | 1 3 4 6 11 13 14 16 18 20 23 | 23.8
Charms         | 1 3 8 |  8.0
Armour         | 6 7 8 |  8.4
Necromancy     | 3 5 |  5.0
Evocations     | 10 | 10.3
Stealth        | |  2.4

Action                   |  1- 3 |  4- 6 |  7- 9 | 10-12 | 13-15 | 16-18 | 19-21 | 22-24 | 25-27 || total
-------------------------+-------+-------+-------+-------+-------+-------+-------+-------+-------++-------
Melee: Unarmed           |    18 |       |       |       |       |       |       |       |       ||    18
       Hand axe          |     2 |    37 |    22 |       |       |       |       |       |       ||    61
       Short sword       |       |       |    75 |   156 |   200 |       |       |       |       ||   431
       Scimitar          |       |       |       |       |    45 |   110 |       |       |       ||   155
       Great sword       |       |       |       |       |   260 |  1272 |  1392 |  1592 |  2465 ||  6981
       Triple sword      |       |       |       |       |       |       |       |       |  1563 ||  1563
 Cast: Flame Tongue      |    38 |    53 |   202 |   416 |   264 |    32 |     2 |       |       ||  1007
       Throw Flame       |    18 |    80 |    18 |    71 |   468 |   164 |   279 |    87 |    65 ||  1250
       Sticky Flame      |       |       |     9 |    71 |   162 |   186 |   229 |   183 |   198 ||  1038
       Conjure Flame     |       |       |     7 |     8 |    11 |    10 |    12 |    20 |     1 ||    69
       Fireball          |       |       |       |     3 |    17 |    22 |    14 |    21 |    14 ||    91
       Regeneration      |       |       |       |       |    15 |    56 |    67 |    69 |   156 ||   363
       Song of Slaying   |       |       |       |       |     3 |       |     1 |    14 |    71 ||    89
       Repel Missiles    |       |       |       |       |     3 |     4 |     6 |     3 |    18 ||    34
       Iskenderun's Myst |       |       |       |       |       |     8 |     2 |       |     1 ||    11
       Swiftness         |       |       |       |       |       |       |     4 |     5 |     4 ||    13
       Apportation       |       |       |       |       |       |       |     9 |       |    24 ||    33
       Spectral Weapon   |       |       |       |       |       |       |       |     4 |    37 ||    41
       Control Undead    |       |       |       |       |       |       |       |       |     1 ||     1
Invok: Potion Petition   |       |       |       |     1 |     2 |     6 |       |     5 |    18 ||    32
       Call Merchant     |       |       |       |     1 |     2 |     1 |     1 |     2 |     1 ||     8
 Abil: Dig               |     4 |    15 |     9 |     8 |    15 |    18 |    29 |     1 |    50 ||   149
       Shaft Self        |       |     1 |     1 |       |       |       |       |       |       ||     2
       Stop Flying       |       |       |       |       |       |       |     2 |       |       ||     2
       Evoke Flight      |       |       |       |       |       |       |     1 |       |       ||     1
Evoke: Wand              |       |     7 |     1 |     1 |    11 |     5 |       |       |     1 ||    26
       Phantom mirror    |       |       |       |       |       |     1 |       |       |     1 ||     2
       Box of beasts     |       |       |       |       |       |       |       |       |     1 ||     1
  Use: Scroll            |       |    10 |     9 |     3 |    10 |    20 |     7 |     5 |    35 ||    99
       Potion            |       |     1 |       |     1 |     5 |    19 |     2 |     5 |    12 ||    45
 Stab: Paralysed         |       |     6 |       |       |       |       |       |       |       ||     6
       Distracted        |       |     1 |     1 |     4 |     1 |     9 |     8 |    13 |    40 ||    77
       Sleeping          |       |       |     1 |       |     1 |     1 |     5 |       |     8 ||    16
       Invisible         |       |       |       |       |       |     8 |       |       |       ||     8
  Eat: Chunk             |     4 |    12 |     1 |       |       |     2 |       |       |       ||    19
       Bread ration      |       |     1 |     2 |       |     3 |     8 |     2 |     1 |     9 ||    26
       Fruit             |       |       |     2 |     2 |     6 |       |    14 |    11 |    11 ||    46
       Pizza             |       |       |     1 |     8 |     1 |     2 |     1 |       |     1 ||    14
       Meat ration       |       |       |     1 |     5 |     4 |     3 |     5 |     7 |     7 ||    32
       Beef jerky        |       |       |       |     2 |     6 |     2 |     7 |     1 |     2 ||    20
       Royal jelly       |       |       |       |       |     6 |       |       |       |     3 ||     9
Armor: Robe              |     5 |    25 |    46 |    89 |   156 |       |       |       |       ||   321
       Ring mail         |       |       |       |       |    22 |   525 |   474 |   246 |   438 ||  1705
       Skin              |       |       |       |       |     2 |     3 |       |     4 |       ||     9
       Chain mail        |       |       |       |       |       |       |       |       |    99 ||    99
Dodge: Dodged            |    24 |    80 |   120 |   245 |   405 |   826 |   703 |   541 |  1629 ||  4573
       Deflected         |       |       |       |       |     5 |    16 |    17 |    31 |    78 ||   147
Block: Other             |       |       |     9 |    12 |       |       |       |       |       ||    21
       Buckler           |       |       |       |    96 |    20 |       |       |       |       ||   116
       Reflection        |       |       |       |     2 |    11 |    19 |    23 |    78 |    11 ||   144
       Shield            |       |       |       |       |   546 |  1155 |  1093 |   421 |       ||  3215
       Large shield      |       |       |       |       |       |       |       |  1053 |  3935 ||  4988
       Rpst.: Scimitar   |       |       |       |       |    14 |     5 |       |       |       ||    19
       Great sword       |       |       |       |       |    37 |   171 |   137 |    86 |   184 ||   615
       Triple sword      |       |       |       |       |       |       |       |       |    86 ||    86
